 Dungeon Crawl Stone Soup version 0.18-a0-1166-g6e2d2a0 (webtiles) character file.

16 Banto the Vexing (level 2, -4/11 HPs)
             Began as a Felid Enchanter on Jan 26, 2016.
             Slain by a worm (11 damage)
             ... on level 2 of the Dungeon.
             The game lasted 00:01:57 (642 turns).

Banto the Vexing (Felid Enchanter)                   Turns: 642, Time: 00:01:57

Health: -4/11      AC:  1    Str:  4    XL:     2   Next: 41%
Magic:  1/6        EV: 18    Int: 16    God:
Gold:   68         SH:  0    Dex: 16    Spells: 2 memorised, 2 levels left
                                        Lives:  0   Deaths: 0

rFire  . . .     SeeInvis +       - Unarmed
rCold  . . .     Gourm    .     (armour unavailable)
rNeg   . . .     Faith    .     (shield unavailable)
rPois  .         Spirit   .     (helmet unavailable)
rElec  .         Dismiss  .     (cloak unavailable)
rCorr  .         Reflect  .     (gloves unavailable)
SustAt .         Harm     .     (boots unavailable)
MR     .....                    (no amulet)
Stlth  +++.......               (no ring)
                                (no ring)

@: quick, not resistant to hostile enchantments, fairly stealthy
A: no armour, no weapons or thrown items, claws 1, fangs 3, see invisible,
carnivore 3, speed 1, shaggy fur 1, slow metabolism 1, sharp paws
a: no special abilities


You were on level 2 of the Dungeon.
You were completely stuffed.

You visited 1 branch of the dungeon, and saw 2 of its levels.

You collected 68 gold pieces.

Inventory:

Scrolls
 d - a scroll of recharging
 j - a scroll of blinking
Potions
 c - a potion of might
 e - a potion of curing
 f - a potion of brilliance
 g - 2 potions of heal wounds {unknown}
 h - a potion of invisibility {unknown}
Books
 a - a book of Maledictions

   Spells                             Type                      Level
   a - Corona                         Hexes                        1
   b - Ensorcelled Hibernation        Hexes/Ice                    2
   c - Confuse                        Hexes                        3
   d - Tukima's Dance                 Hexes                        3
   e - Dazzling Spray                 Conjuration/Hexes            3
Comestibles
 b - 2 meat rations


   Skills:
 - Level 2.6 Dodging
 + Level 4.1 Stealth
 * Level 2.2 Unarmed Combat
 - Level 2.0 Spellcasting
 + Level 4.6 Hexes


You had 2 spell levels left.
You knew the following spells:

 Your Spells              Type           Power        Failure   Level  Hunger
a - Corona                Hex            ###....      3%          1    #......
b - Ensorcelled Hibernat  Hex/Ice        #.....       14%         2    ###....


Dungeon Overview and Level Annotations

Branches:
Dungeon (2/15)

Altars:


Innate Abilities, Weirdness & Mutations

You cannot wear armour.
You are incapable of wielding weapons or throwing items.
You have sharp claws.
You have razor-sharp teeth.
You have supernaturally acute eyesight.
You are carnivorous and can eat meat at any time.
You cover ground quickly.
You are covered in fur (AC +1).
You have a slow metabolism.
Your sharp claws are effective at attacking unaware monsters.


Message History

The worm is severely wounded.
The worm closely misses you.
Casting: Ensorcelled Hibernation
Confirm with . or Enter, or press ? or * to list all spells.
Aiming: Ensorcelled Hibernation
Press: ? - help, Shift-Dir - straight line, f - you, p - worm
Okay, then.
Casting: Ensorcelled Hibernation
Confirm with . or Enter, or press ? or * to list all spells.
Aiming: Corona
Press: ? - help, Shift-Dir - straight line, f/p - worm
Aim: a worm (heavily wounded, chance to defeat MR: 62%)
The worm struggles to resist.
You barely miss the worm.
The worm is heavily wounded.
You scratch the worm.
The worm is severely wounded.
The worm bites you!
Ouch! That really hurt!
You die...

.#.######.<...#
.......<....#.#
.#.#..).....#.#
#..........#.#
.....########.# #####
#.# #.# ######### #.#
#...@w..# #.#
#.####.## #.# #.#
#.####### #.#
#.......# #.#
#######.# . #.# #.#
....####)#### #.#
....w.......# #.#
............#######.##


You could see a worm.

Vanquished Creatures
  3 bats (D:1)
  3 goblins
  2 hobgoblins (D:1)
  2 kobolds
  5 giant newts
  2 rats
17 creatures vanquished.

Notes
Turn   | Place    | Note
--------------------------------------------------------------
     0 | D:1      | Banto the Felid Enchanter began the quest for the Orb.
     0 | D:1      | Reached XP level 1. HP: 7/7 MP: 4/4
   336 | D:1      | Reached XP level 2. HP: 11/11 MP: 6/6
   561 | D:2      | Learned a level 2 spell: Ensorcelled Hibernation
   642 | D:2      | Slain by a worm

Vault maps used:
D:1:      ncdulo_lavacross, nrook_loot_triangle
D:2:      uniq_jessica, uniq_sigmund

Action                   || total
-------------------------++-------
Melee: Unarmed           ||    47
 Cast: Corona            ||    11
       Ensorcelled Hiber ||     2
  Use: Scroll            ||     6
 Stab: Sleeping          ||     3
  Eat: Chunk             ||     7
